 Dungeon Crawl Stone Soup version 0.27.0-1-g7a089689b8 (webtiles) character file.

Game seed: 12691427078109384674

127 Spaninq the Slasher (level 4, -5/37 HPs)
             Began as a Demonspawn Monk on Aug 12, 2021.
             Was an Elder of Lugonu.
             Slain by a gnoll (10 damage)
             ... on level 4 of the Dungeon.
             The game lasted 00:05:59 (3378 turns).

Spaninq the Slasher (Demonspawn Monk)               Turns: 3378, Time: 00:05:59

Health: -5/37      AC: 14    Str: 12    XL:     4   Next: 85%
Magic:  0/5        EV:  5    Int: 15    God:    Lugonu [****..]
Gold:   140        SH:  0    Dex: 15    Spells: 3/3 levels left

rFire    . . .     SeeInvis .   a - +0 falchion
rCold    . . .     Faith    .   (no shield)
rNeg     . . .     Spirit   +   h - +0 chain mail
rPois    .         Reflect  .   o - +2 helmet {Int+3}
rElec    .         Harm     .   (no cloak)
rCorr    .         Rampage  .   m - +0 pair of gloves
Will     .....                  (no boots)
Stlth    ..........             (no amulet)
HPRegen  0.12/turn              g - +4 ring of slaying
MPRegen  0.18/turn              (no ring)

@: no status effects
A: icy blue scales 1, magic shield, magic regeneration
a: Renounce Religion, Depart the Abyss, Bend Space, Banish, Corrupt


You were on level 4 of the Dungeon.
You worshipped Lugonu.
Lugonu was greatly pleased with you.
You visited 1 branch of the dungeon, and saw 4 of its levels.

You collected 140 gold pieces.

Inventory:

Hand Weapons
 a - a +0 falchion (weapon)
Armour
 h - a +0 chain mail (worn)
 m - a +0 pair of gloves (worn)
 n - a +0 kite shield
 o - a +2 helmet of intelligence (worn)
Jewellery
 g - a +4 ring of slaying (left hand)
Scrolls
 l - a scroll of amnesia {unknown}
 p - a scroll of magic mapping {unknown}
 r - a scroll of immolation {unknown}
Potions
 d - a potion of flight {unknown}
 e - a potion of might {unknown}
 f - 2 potions of attraction
 j - a potion of mutation {unknown}
 k - a potion of brilliance {unknown}
 q - a potion of curing {unknown}


   Skills:
 + Level 3.9 Fighting
 * Level 4.2 Long Blades
 - Level 2.6 Dodging
 - Level 1.7 Stealth
 + Level 0.3 Shields
 + Level 1.5 Invocations


You had 3 spell levels left.
You didn't know any spells.
Your spell library contained the following spells:

 Spells                   Type           Power      Damage    Failure   Level
 Sandblast                Erth           0%         2d4       100%        1
 Passwall                 Tmut/Erth      0%         N/A       100%        2
 Swiftness                Air            0%         N/A       100%        3
 Leda's Liquefaction      Hex/Erth       0%         N/A       100%        4
 Bolt of Magma            Conj/Fire/Erth 0%         4d4       100%        5
 Lee's Rapid Deconstruct  Erth           0%         3d5*      100%        5
 Invisibility             Hex            0%         N/A       100%        6
 Statue Form              Tmut/Erth      0%         N/A       100%        6


Dungeon Overview and Level Annotations

Branches:
Dungeon (4/15)
 Temple: D:4-7

Altars:
Zin
Lugonu

Shops:
D:2 (


Innate Abilities, Weirdness & Mutations

You are partially covered in icy blue scales. (AC +2)
When hurt, damage is shared between your health and your magic reserves.
You regenerate magic rapidly.


Message History

It is a scroll of identify.
f - 2 potions of attraction
As you read the scroll labelled GAAGOS JECOIR, it crumbles to dust.
You feel strangely unstable.
It was a scroll of teleportation.
You climb upwards.
Your surroundings suddenly seem different.
There is a stone staircase leading down here.
You climb downwards.
A gnoll comes into view. It is wielding a +0 club.
The gnoll shouts! x2
The gnoll hits you with a +0 flail.
The giant cockroach bites you but does no damage.
The ogre barely misses you. The gnoll closely misses you.
You riposte.
You hit the gnoll.
The gnoll is lightly wounded.
The giant cockroach bites you but does no damage.
There is a stone staircase leading up, spattered with blood here.
The giant cockroach bites you.
The ogre hits you with a +0 giant club!!
Ouch! That really hurt!
The gnoll hits you but does no damage.
You climb upwards.
There is a stone staircase leading down here.
The giant cockroach barely misses you.
You riposte.
Your chain mail prevents you from hitting the giant cockroach.
The ogre hits you but does no damage.
The giant cockroach bites you but does no damage.
The giant cockroach bites you but does no damage.
There is an escape hatch in the floor here.
The giant cockroach bites you but does no damage.
You slide downwards.
The hatch slams shut behind you.
A quokka, a hobgoblin and 3 gnolls come into view.
The gnoll shouts! x2; The hobgoblin shouts!
The gnoll hits you with a +0 spear.
The gnoll hits you from afar with a +0 halberd.
* * * LOW HITPOINT WARNING * * *
The gnoll hits you with a +0 spear.
* * * LOW HITPOINT WARNING * * *
The gnoll hits you from afar with a +0 halberd!
You die...

.#. .....
.... ....
....#...##
..#.. ...#
........>##
......#...#
#...g..#
#gB@.# ..
##.g..# ..
......# #
.....#### #
#...r## #.
#.... ..
.... # ....
##.


You could see 3 gnolls, a quokka and a giant cockroach.

Vanquished Creatures
  A jelly (D:4)
  A gnoll (D:1)
  4 adders
  A worm (D:2)
  2 dart slugs (D:3)
  4 endoplasms
  3 giant cockroaches
  8 goblins
  3 hobgoblins
  3 jackals (D:2)
  A quokka (D:3)
  4 ball pythons
  4 bats
  A kobold (D:3)
  5 rats
45 creatures vanquished.

Vanquished Creatures (others)
  A plant (D:1)
1 creature vanquished.

Grand Total: 46 creatures vanquished

Notes
Turn   | Place    | Note
-------+----------+-------------------------------------------
     0 | D:1      | Spaninq the Demonspawn Monk began the quest for the Orb.
     0 | D:1      | Reached XP level 1. HP: 18/18 MP: 1/1
   156 | D:2      | Found Ymosuy's Weapon Shoppe.
   179 | D:2      | Reached skill level 3 in Long Blades
   185 | D:2      | Gained mutation: You regenerate magic rapidly. [demonic
                  | ancestry]
   185 | D:2      | Reached XP level 2. HP: 23/24 MP: 2/2
   658 | D:2      | Gained mutation: When hurt, damage is shared between your
                  | health and your magic reserves. [demonic ancestry]
   658 | D:2      | Reached XP level 3. HP: 23/29 MP: 3/3
  1357 | D:1      | Found a faded altar of an unknown god.
  1365 | D:1      | Became a worshipper of Lugonu the Unformed
  1365 | D:1      | Reached * piety under Lugonu
  1365 | D:1      | Reached ** piety under Lugonu
  1365 | D:1      | Reached *** piety under Lugonu
  2387 | D:3      | Reached skill level 4 in Long Blades
  2387 | D:3      | Gained mutation: You are partially covered in icy blue
                  | scales. (AC +2) [demonic ancestry]
  2387 | D:3      | Reached XP level 4. HP: 18/37 MP: 2/4
  2561 | D:3      | Reached skill level 1 in Invocations
  2881 | D:3      | Reached **** piety under Lugonu
  3289 | D:4      | Noticed an ogre
  3378 | D:4      | Slain by a gnoll

Illustrated notes

Levels and vault maps discovered:
D:1:      dpeg_arrival_oval, layout_basic, shapermc_ecumenical_altar_gd,
          serial_bayou_pond_c
D:2:      layout_loops_cross, serial_shops, shop, basic_altar
D:3:      layout_basic, minmay_misc_feat_roman, ebering_dispersal_statue_hall,
          minmay_misc_feat_tower, serial_park_tiny_2
D:4:      layout_cave_pools, uniq_natasha

Skill      XL: |  1  2  3  4 |
---------------+-------------+-----
Long Blades    | 3 4 |  4.2
Invocations    | 1 |  1.5
Fighting       | |  3.9
Dodging        | |  2.6
Stealth        | |  1.7
Shields        | |  0.3

Action                   |  1- 3 |  4- 6 || total
-------------------------+-------+-------++-------
Melee: Falchion          |   112 |    22 ||   134
  Use: Scroll            |       |     3 ||     3
 Stab: Sleeping          |     2 |       ||     2
Armor: Scale mail        |    34 |       ||    34
       Chain mail        |    26 |    25 ||    51
Dodge: Dodged            |    37 |     7 ||    44
       Rpst.: Falchion   |    14 |     5 ||    19
